 Dungeon Crawl Stone Soup version 0.21.1-1-g345015f (webtiles) character file.

499 JNO the Chopper (level 7, -2/61 HPs)
             Began as a Human Fighter on May 23, 2018.
             Slain by fly's ghost (9 damage)
             ... on level 4 of the Dungeon.
             The game lasted 00:27:49 (4615 turns).

JNO the Chopper (Human Fighter)                     Turns: 4615, Time: 00:27:50

Health: -2/61      AC: 14    Str: 14 (16) XL:     7   Next: 39%
Magic:  7/7        EV:  9    Int:  7 (8)  God:
Gold:   123        SH:  0    Dex:  8 (11) Spells: 6/6 levels left

rFire    . . .     SeeInvis .   b - +4 quarterstaff (chaos)
rCold    . . .     Gourm    .   (shield currently unavailable)
rNeg     . . .     Faith    .   k - +2 scale mail {MR+}
rPois    .         Spirit   .   C - +0 helmet (curse)
rElec    .         Reflect  .   h - +2 cloak
rCorr    .         Harm     .   (no gloves)
MR       +....     Rnd*Tele +   v - +0 pair of boots
Stlth    ..........             (no amulet)
HPRegen  0.20/turn              (no ring)
MPRegen  0.10/turn              (no ring)

@: no status effects
A: clumsy 1, robust 1, teleportitis 1, weak 1
a: no special abilities


You were on level 4 of the Dungeon.
You were not hungry.

You visited 1 branch of the dungeon, and saw 4 of its levels.
You also visited: Sewer.

You collected 123 gold pieces.

Inventory:

Hand Weapons
 a - a +0 war axe
 b - a +4 quarterstaff of chaos (weapon)
 l - a +4 dagger
 A - a +0 hunting sling
Missiles
 e - 52 bolts
 q - 27 arrows
 B - 82 stones (quivered)
Armour
 h - a +2 cloak (worn)
 k - a +2 scale mail of magic resistance (worn)
 n - a +0 large shield
 r - a +0 robe of magic resistance
 v - a +0 pair of boots (worn)
 C - a cursed +0 helmet (worn)
Scrolls
 c - 2 scrolls of enchant armour {unknown}
 j - 4 scrolls of identify {unknown}
 t - 3 scrolls of fog {unknown}
 u - 2 scrolls of random uselessness {unknown}
 z - a scroll of magic mapping {unknown}
 D - a scroll of remove curse
Potions
 m - a potion of curing {unknown}
 p - a potion of lignification {unknown}
 E - a potion of cancellation
Books
 x - a book of Minor Magic

   Spells                             Type                      Level
   a - Magic Dart                     Conjuration                  1
   b - Blink                          Translocation                2
   c - Call Imp                       Summoning                    2
   d - Slow                           Hexes                        2
   e - Conjure Flame                  Conjuration/Fire             3
   f - Mephitic Cloud                 Conjuration/Poison/Air       3
Comestibles
 f - 4 rations


   Skills:
 + Level 5.0 Fighting
 + Level 2.4 Short Blades
 + Level 5.6 Axes
 - Level 3.0 Armour
 - Level 3.0 Shields


You had 6 spell levels left.
You didn't know any spells.

Dungeon Overview and Level Annotations

Branches:
Dungeon (4/15)
 Temple: D:4-7

Altars:
Trog
Uskayaw

Annotations:
D:4 fly's ghost, novice DsNe


Innate Abilities, Weirdness & Mutations

You are clumsy. (Dex -2)
You are robust. (+10% HP)
You are occasionally teleported next to monsters.
You are weak. (Str -2)


Message History

You closely miss fly's ghost.
Fly's ghost is lightly damaged.
Fly's ghost hits you.
* * * LOW HITPOINT WARNING * * *
Fly's ghost hits you but does no damage.
It was a potion of degeneration.
There was something very wrong with that liquid.
You feel weakened.
You feel dopey.
You feel clumsy.
Fly's ghost hits you but does no damage.
You miss fly's ghost. Fly's ghost hits you!
* * * LOW HITPOINT WARNING * * *
It was a potion of magic.
Magic courses through your body. Fly's ghost barely misses you.
It was a potion of mutation.
You feel extremely strange.
You feel weirdly uncertain.
You feel clumsy.
You feel weaker.
You feel robust.
Fly's ghost hits you but does no damage.
You hit fly's ghost. You freeze fly's ghost.
Fly's ghost is lightly damaged.
Fly's ghost hits you!
You die...

#.##...####..# ##
#.###.## #..# #.
#.# #.# #..# #.
#.# #.# #o.####.
#.# #.# #.....##
#.# #.# #.###..#
#.# #.# #.# # ##
#.# #.# #.###.#.
#@# #.# #.#.....
#W# #.# #......o
#.###.#####.#.....
#...........###.##
########.##.# #.##
#.##.# #. #.##.#
#. #.##.# #. #.#
##


You could see fly's ghost.

Vanquished Creatures
  Sigmund (D:4)
  A bullfrog (D:4)
  A howler monkey (D:4)
  An orc priest (D:4)
  Crazy Yiuf (D:4)
  A worker ant (D:4)
  5 adders
  2 oozes
  2 adder skeletons (D:4)
  2 worms (D:3)
  2 dart slugs
  2 leopard geckos
  4 orcs (D:3)
  7 bats
  2 giant cockroaches (D:3)
  6 goblins
  5 hobgoblins
  14 jackals
  3 ball pythons
  6 frilled lizards
  15 kobolds
  6 rats
  3 plants (Sewer)
92 creatures vanquished.

Notes
Turn   | Place    | Note
-------+----------+-------------------------------------------
     0 | D:1      | JNO the Human Fighter began the quest for the Orb.
     0 | D:1      | Reached XP level 1. HP: 18/18 MP: 1/1
     1 | D:1      | Noticed an electric eel
   685 | D:1      | Reached XP level 2. HP: 24/24 MP: 2/2
   878 | D:2      | Found a faded altar of an unknown god.
   920 | D:2      | Reached XP level 3. HP: 29/29 MP: 3/3
  1477 | D:3      | Reached XP level 4. HP: 37/37 MP: 4/4
  1749 | D:3      | Reached skill level 1 in Short Blades
  1834 | D:3      | Found a glowing drain.
  1904 | D:3      | Reached XP level 5. HP: 41/42 MP: 5/5
  1945 | Sewer    | Entered a sewer
  3552 | D:4      | Found a hide-covered altar of Uskayaw.
  3797 | D:4      | Found a bloodstained altar of Trog.
  3805 | D:4      | Reached XP level 6. HP: 39/49 MP: 6/6
  3807 | D:4      | Noticed fly's ghost (novice DsNe)
  4186 | D:4      | Found a runed door.
  4190 | D:4      | Noticed Crazy Yiuf
  4192 | D:4      | Paralysed by Crazy Yiuf for 2 turns
  4198 | D:4      | Killed Crazy Yiuf
  4297 | D:4      | Noticed Sigmund
  4317 | D:4      | Killed Sigmund
  4317 | D:4      | Reached skill level 5 in Fighting
  4317 | D:4      | Reached skill level 5 in Axes
  4317 | D:4      | Reached XP level 7. HP: 49/56 MP: 7/7
  4614 | D:4      | Gained mutation: You are occasionally teleported next to monsters. [potion of mutation]
  4614 | D:4      | Gained mutation: You are clumsy. (Dex -2) [potion of mutation]
  4614 | D:4      | Gained mutation: You are weak. (Str -2) [potion of mutation]
  4614 | D:4      | Gained mutation: You are robust. (+10% HP) [potion of mutation]
  4615 | D:4      | Slain by fly's ghost

Skill      XL: |  1  2  3  4  5  6 |
---------------+-------------------+-----
Axes           | 3 4 5 |  5.6
Fighting       | 4 5 |  5.0
Short Blades   | 1 2 |  2.4
Armour         | |  3.0
Shields        | |  3.0

Action                   |  1- 3 |  4- 6 |  7- 9 || total
-------------------------+-------+-------+-------++-------
Melee: War axe           |    32 |   185 |    41 ||   258
       Dagger            |    58 |   132 |     7 ||   197
       Quarterstaff      |       |       |     4 ||     4
  Use: Potion            |     2 |     8 |     4 ||    14
       Scroll            |     4 |     5 |       ||     9
 Stab: Invisible         |       |     1 |       ||     1
  Eat: Chunk             |     1 |     7 |       ||     8
       Ration            |       |     1 |     1 ||     2
Armor: Scale mail        |    48 |   131 |    22 ||   201
Dodge: Dodged            |    22 |    40 |     5 ||    67
Block: Shield            |    13 |       |       ||    13
       Large shield      |    60 |   231 |    25 ||   316
